 Dungeon Crawl Stone Soup version 0.28-a0-1555-g9ae15a6949 (webtiles) character file.

Game seed: 4685597264768607471

28 knot the Chopper (level 3, 29/29 HPs)
             Began as a Demonspawn Berserker on Jan 18, 2022.
             Was a Follower of Trog.
             Quit the game on level 2 of the Dungeon.
             The game lasted 00:01:09 (1423 turns).

knot the Chopper (Demonspawn Berserker)             Turns: 1423, Time: 00:01:10

Health: 29/29      AC:  8    Str: 17    XL:     3   Next: 0%
Magic:  3/3        EV: 11    Int: 10    God:    Trog [*.....]
Gold:   57         SH:  0    Dex: 12    Spells: 2/2 levels left

rFire   . . .      SeeInvis .   f - +2 dagger (elec)
rCold   . . .      Faith    .   (no shield)
rNeg    . . .      Spirit   .   g - +0 ring mail
rPois   .          Reflect  .   (helmet restricted)
rElec   .          Harm     .   c - +0 cloak
rCorr   .          Rampage  .   (no gloves)
Will    .....                   (no boots)
Stlth   +.........              (no amulet)
HPRegen 0.09/turn               (no ring)
MPRegen 0.08/turn               (no ring)

@: no status effects
A: antennae 1, molten scales 1
a: Renounce Religion, Berserk


You were on level 2 of the Dungeon.
You worshipped Trog.
Trog was aware of your devotion.
You visited 1 branch of the dungeon, and saw 2 of its levels.

You collected 57 gold pieces.

Inventory:

Hand Weapons
 a - a +0 hand axe
 f - a +2 dagger of electrocution (weapon)
Missiles
 d - 49 stones (quivered)
Armour
 c - a +0 cloak (worn)
 g - a +0 ring mail (worn)
Scrolls
 e - a scroll of enchant armour {unknown}
 h - a scroll of identify {unknown}
 i - a scroll of noise {unknown}
Potions
 b - a potion of resistance {unknown}


   Skills:
 - Level 3.0 Fighting
 + Level 3.8 Axes
 - Level 1.7 Armour
 - Level 1.7 Dodging


You had 2 spell levels left.
You didn't know any spells.
Your spell library was empty.

Dungeon Overview and Level Annotations

Branches:
Dungeon (2/15)

Altars:


Innate Abilities, Weirdness & Mutations

You have a pair of small antennae on your head.
You are partially covered in molten scales. (AC +2)


Message History

Lightning courses through the ball python!
You kill the ball python!
Trog accepts your kill.
A goblin comes into view. It is wielding a +0 club.
The goblin shouts!
You enter the shallow water.
Moving in this stuff is going to be slow.
You hit the goblin.
The goblin is heavily wounded.
The goblin hits you with a +0 club.
You hit the goblin.
You kill the goblin!
Trog accepts your kill.
You hear a splash.
No target in view!
No target in view!
No target in view!
You enter the shallow water.
Moving in this stuff is going to be slow.
Things that are here:
a +0 club; a goblin corpse
i - a scroll labelled TUONGANK GITEO You enter the shallow water.
Moving in this stuff is going to be slow.
You enter the shallow water.
Moving in this stuff is going to be slow.
You enter the shallow water.
Moving in this stuff is going to be slow.
A ball python comes into view.
The ball python hisses angrily.
You hit the ball python.
Lightning courses through the ball python!
You kill the ball python!
Trog accepts your kill.
You have reached level 3!
Your experience leads to an increase in your attributes!
Increase (S)trength, (I)ntelligence, or (D)exterity?
You feel clever. x2; Your demonic ancestry asserts itself...
Molten scales grow over part of your body.
Are you sure you want to abandon this character and quit the game? (Confirm with "yes".)

### ..# #.#
####.# ##.##.#
####...#!#######
+.......@.......
####...#.#######
#.....# #.#####
#.# #.# #.#
#######.#
........####


There were no monsters in sight!

Vanquished Creatures
  4 ball pythons
  4 endoplasms (D:1)
  A giant cockroach (D:1)
  2 goblins
  2 jackals (D:2)
  2 quokkas
  2 bats (D:1)
  A frilled lizard (D:1)
  3 kobolds
  5 rats
26 creatures vanquished.

Notes
Turn   | Place    | Note
-------+----------+-------------------------------------------
     0 | D:1      | knot the Demonspawn Berserker began the quest for the Orb.
     0 | D:1      | Reached XP level 1. HP: 18/18 MP: 1/1
   378 | D:1      | Gained mutation: You have a pair of small antennae on your
                  | head. [demonic ancestry]
   378 | D:1      | Reached XP level 2. HP: 22/24 MP: 2/2
  1359 | D:2      | Found a faded altar of an unknown god.
  1423 | D:2      | Gained mutation: You are partially covered in molten
                  | scales. (AC +2) [demonic ancestry]
  1423 | D:2      | Reached XP level 3. HP: 29/29 MP: 3/3
  1423 | D:2      | Quit the game

Illustrated notes

Levels and vault maps discovered:
D:1:      evilmike_arrival_fibonacci_small, layout_loops_ring, kennysheep_boxes
D:2:      layout_loops_corners, chequers_ecumenical_altar_island, uniq_robin,
          uniq_crazy_yiuf_cottage

Skill      XL: |  1 |
---------------+----+-----
Axes           | 3 |  3.8
Fighting       | |  3.0
Armour         | |  1.7
Dodging        | |  1.7

Action                   || total
-------------------------++-------
Melee: Hand axe          ||    23
       Dagger            ||    47
       Punch             ||     1
Invok: Berserk           ||     1
Armor: Animal skin       ||     7
       Ring mail         ||    10
Dodge: Dodged            ||    47

Table legend: (Time is in decaauts)
 A = Elapsed time spent in this place.
 B = Non-inter-level travel time spent in this place.
 C = Inter-level travel time spent in this place.
 D = Time resting spent in this place.
 E = Time spent auto-exploring this place.
 F = Levels seen in this place.
 G = Mean time per level.
                   A        B        C        D        E       F      G
               +--------+--------+--------+--------+--------+-----+--------+
         Total |   1464 |   1426 |     38 |    335 |    890 |   2 |  732.0 |
       Dungeon |   1464 |   1426 |     38 |    335 |    890 |   2 |  732.0 |
               +--------+--------+--------+--------+--------+-----+--------+

Top non-repeatable levels by time:
     D:1: 1092 daAuts
     D:2: 372 daAuts
